Map: Rifts to Korhal

Players

llllllllllll

  • Race: Protoss Protoss
  • Spawn Location: 7:00

DrOrgo

  • Race: Terran Terran
  • Spawn Location: 7:00

VOD

Have the link to the VOD?

Description

Time

  • Played on: Feb. 11, 2018, 2:19 p.m.
  • Length: 21:14
Show
View Real Time Build Order
Export as new Build Order

llllllllllll Protoss 

Build Orders:  

Get SALT Encoding   

  12  0:02  Probe (Chrono Boost)  
  13  0:16  Probe (Chrono Boost)  
  14  0:25  Pylon  
  14  0:30  Probe (Chrono Boost)  
  15  0:49  Probe (Chrono Boost)  
  16  1:03  Probe (Chrono Boost)  
  16  1:05  Assimilator  
  17  1:17  Probe (Chrono Boost)  
  18  1:24  Pylon  
  18  1:31  Probe (Chrono Boost)  
  19  1:45  Probe (Chrono Boost)  
  20  1:54  Nexus  
  20  1:59  Probe (Chrono Boost)  
  21  2:10  Assimilator  
  21  2:13  Probe (Chrono Boost)  
  22  2:25  Gateway  
  22  2:28  Probe (Chrono Boost)  
  23  2:42  Probe (Chrono Boost)  
  24  2:56  Probe (Chrono Boost)  
  25  3:10  Probe (Chrono Boost)  
  26  3:24  Probe (Chrono Boost)  
  27  3:31  Cybernetics Core  
  27  3:34  Probe (Chrono Boost)  
  27  3:37  Probe (Chrono Boost)  
  29  3:48  Probe (Chrono Boost)  
  30  3:51  Probe (Chrono Boost)  
  30  3:55  Assimilator  
  30  3:59  Assimilator  
  31  4:02  Probe (Chrono Boost)  
  31  4:05  Probe (Chrono Boost)  
  33  4:15  Probe (Chrono Boost)  
  33  4:19  Probe (Chrono Boost)  
  34  4:24  Death Council  
  34  4:25  Warp Gate  
  34  4:29  Probe (Chrono Boost)  
  35  4:33  Probe (Chrono Boost)  
  37  4:42  Gateway  
  37  4:43  Gateway, Probe (Chrono Boost)  
  37  4:47  Probe (Chrono Boost)  
  39  4:57  Probe (Chrono Boost)  
  40  5:01  Probe (Chrono Boost)  
  41  5:11  Probe (Chrono Boost)  
  41  5:15  Probe (Chrono Boost)  
  41  5:17  Ascendant Archives  
  43  5:31  Probe (Chrono Boost)  
  43  5:32  Probe (Chrono Boost)  
  45  5:51  Pylon  
  45  5:58  Power Overwhelming  
  45  6:02  Gateway  
  45  6:03  Gateway  
  45  6:05  Gateway x2  
  45  6:07  Gateway  
  45  6:21  Ascendant x2  
  45  6:22  Ascendant  
  45  6:29  Pylon  
  51  6:42  Pylon  
  51  6:47  Mind Blast  
  51  6:50  Pylon  
  51  7:06  Probe (Chrono Boost)  
  51  7:08  Ascendant x3  
  58  7:22  Supplicant x4  
  58  7:23  Supplicant x2  
  58  7:24  Supplicant x2  
  58  7:26  Ascendant  
  76  7:51  Havoc  
  77  8:21  Pylon  
  77  8:23  Pylon  
  77  8:25  Pylon x2  
  65  8:43  Supplicant x4  
  65  8:44  Supplicant x4  
  77  9:10  Ascendant x5  
  77  9:12  Ascendant  
  89  9:35  Pylon  
  89  9:36  Chaotic Attunement  
  89  9:50  Supplicant x2, Pylon  
  89  9:51  Supplicant x2  
  97  10:00  Supplicant x2  
  97  10:01  Supplicant x8  
  117  10:16  Ascendant  
  117  10:19  Ascendant x2  
  123  10:34  Mothership  
  111  11:06  Pylon  
  111  11:08  Supplicant x6  
  123  11:13  Pylon  
  123  11:15  Pylon x2  
  123  11:17  Pylon  
  123  11:19  Pylon  
  123  11:35  Supplicant x4  
  131  11:40  Ascendant x4  
  131  11:44  Supplicant x4  
  147  12:35  Supplicant x4  
  147  12:36  Supplicant x8  
  126  13:40  Pylon  
  126  13:41  Pylon  
  126  13:50  Pylon  
  126  13:54  Supplicant x12  
  98  15:20  Ascendant x6  
  108  16:01  Pylon  
  92  16:38  Supplicant x2  
  96  16:40  Slayer  
  96  16:46  Mothership  
  98  16:54  Supplicant x2  
  98  16:55  Supplicant x10  
  98  16:59  Pylon  
  98  17:32  Supplicant x12  
  98  17:33  Supplicant x4  
  104  18:25  Supplicant x8  
  104  18:26  Supplicant x8  
  136  18:47  Supplicant x12  
  136  18:48  Supplicant x4  
  116  19:34  Supplicant x8  
  116  19:35  Supplicant x8  
  148  20:00  Slayer  
  138  20:27  Pylon  
  138  20:28  Pylon  
Show
View Real Time Build Order
Export as new Build Order

DrOrgo Terran 

Build Orders:  

Get SALT Encoding   

Tags
 
Commander
AlarakNova
Matchup
Co-op
Replay Pack
Co-op Speedrun
Add a new tag
Caveats
  • Supply blocks, unpowered buildings, or Contaminate may cause inaccurate times.
  • Supply counts are checked every 10 seconds.